 Dungeon Crawl Stone Soup version 0.27-a0-1147-gb3d8e82157 (webtiles) character file.

Game seed: 11201972038415986529

2699 leviel the Cleaver (level 9, -9/70 HPs)
             Began as a Minotaur Fighter on May 11, 2021.
             Was an Initiate of Okawaru.
             Mangled by an orc warrior
             ... wielding a +0 war axe
              (16 damage)
             ... in a bailey.
             The game lasted 00:12:40 (7441 turns).

leviel the Cleaver (Minotaur Fighter)               Turns: 7441, Time: 00:12:41

Health: -9/70      AC:  9    Str: 24    XL:     9   Next: 38%
Magic:  8/8        EV: 10    Int:  5    God:    Okawaru [......]
Gold:   1046       SH: 11    Dex: 10    Spells: 8/8 levels left

rFire    . . .     SeeInvis +   a - +0 war axe
rCold    . . .     Faith    .   c - +0 kite shield
rNeg     . . .     Spirit   .   b - +0 scale mail
rPois    .         Reflect  .   (helmet restricted)
rElec    .         Harm     .   (no cloak)
rCorr    +         Rampage  .   (no gloves)
Will     .....                  e - +0 pair of boots
Stlth    ..........             (no amulet)
HPRegen  0.21/turn              o - ring of resist corrosion
MPRegen  0.11/turn              k - ring of see invisible

@: hasted, very quick
A: horns 2, retaliatory headbutt
a: Renounce Religion


You were in a bailey.
You worshipped Okawaru.
Okawaru was noncommittal.
You visited 2 branches of the dungeon, and saw 8 of its levels.
You also visited: Ossuary and Bailey.

You collected 1112 gold pieces.
You spent 66 gold pieces at shops.

Inventory:

Hand Weapons
 a - a +0 war axe (weapon)
Armour
 b - a +0 scale mail (worn)
 c - a +0 kite shield (worn)
 e - a +0 pair of boots (worn)
Jewellery
 k - a ring of see invisible (right hand)
 o - a ring of resist corrosion (left hand)
Wands
 i - a wand of digging (5)
 x - a wand of paralysis (4)
Scrolls
 h - 4 scrolls of teleportation
 l - 2 scrolls of magic mapping
 p - a scroll of torment
 q - a scroll of blinking
 r - 2 scrolls of summoning
 t - a scroll of amnesia
 u - a scroll of noise
Potions
 d - 5 potions of might
 f - 2 potions of mutation
 g - 2 potions of lignification
 j - 2 potions of flight
 z - a potion of brilliance
 B - a potion of cancellation


   Skills:
 - Level 3.6 Fighting
 * Level 10.0 Axes
 + Level 7.8 Armour
 + Level 6.1 Dodging
 + Level 7.8 Shields


You had 8 spell levels left.
You didn't know any spells.
Your spell library was empty.

Dungeon Overview and Level Annotations

Branches:
Dungeon (7/15)             Temple (1/1) D:4         Ossuary (visited)
 Bailey (1/1)

Altars:
Cheibriados
Dithmenos
Elyvilon
Gozag
Kikubaaqudgha
Makhleb
Nemelex Xobeh
Okawaru
Trog
Uskayaw
Vehumet
Wu Jian
Xom
Zin
The Shining One

Shops:
D:3 *

Annotations:
D:6 1 runed translucent door, Demosthentine's ghost, novice MfGl


Innate Abilities, Weirdness & Mutations

You have a pair of horns on your head.
You reflexively headbutt those who attack you in melee.


Message History

Your shield and scale mail prevent you from hitting the orc warrior.
The orc warrior hits you with a +0 war axe!
The orc warrior closely misses you.
You are too injured to fight recklessly!
You are too injured to fight recklessly!
You are too injured to fight recklessly!
You are too injured to fight recklessly!
You are too injured to fight recklessly!
You are too injured to fight recklessly!
You are too injured to fight recklessly!
You are too injured to fight recklessly!
You are too injured to fight recklessly!
You are too injured to fight recklessly!
You are too injured to fight recklessly!
You are too injured to fight recklessly!
You are too injured to fight recklessly!
You are too injured to fight recklessly!
You are too injured to fight recklessly!
You are too injured to fight recklessly!
You are too injured to fight recklessly!
You are too injured to fight recklessly!
Unknown command.
You slash the orc warrior!
The orc warrior is almost dead.
You hit the orc warrior but do no damage.
The orc warrior hits you with a +0 war axe.
The orc warrior hits you with a +0 war axe!
* * * LOW HITPOINT WARNING * * *
You barely miss the orc warrior.
The orc warrior is almost dead.
You barely miss the orc warrior. You block the orc warrior's attack. x2
The orc warrior hits you with a +0 war axe!
* * * LOW HITPOINT WARNING * * *
Okay, then.
There is an open door here.
Okay, then.
Okay, then.
You feel yourself speed up.
The orc warrior hits you with a +0 war axe!
You die...

####._.####
###.[)...}$.###
##.............#
#...............
#...............
#.............
#..).)....#
#oo.# ###@###
##.....##
#...8...#
#∩?...[∩#
##..)..##
####+++####
##≈.......≈##
##≈≈.......≈≈##
.'≈≈.......≈≈K.


You could see 2 orc warriors.

Vanquished Creatures
  A troll (D:6)
  Grinder (D:6)
  A steam dragon (D:6)
  Menkaure (D:5)
  A water moccasin (D:6)
  Duvessa (D:6)
  An orc warrior (Bailey)
  2 ice beasts
  3 sky beasts
  A black bear (D:6)
  3 centaurs
  An elf zombie (Ossuary)
  Dowan (D:6)
  A water moccasin skeleton (D:5)
  3 killer bees (D:7)
  2 centaur zombies (Ossuary)
  3 orc priests
  A gnoll shaman (D:7)
  2 hounds
  An iguana (D:4)
  3 orc wizards
  2 mummies (Ossuary)
  2 hound skeletons (D:4)
  Robin (D:2)
  A howler monkey skeleton (D:5)
  3 gnolls (D:7)
  6 adders
  An ufetubus (D:5)
  2 adder zombies (Ossuary)
  3 worms
  4 dart slugs
  10 orcs
  7 endoplasms
  3 giant cockroaches
  25 goblins
  11 hobgoblins
  11 jackals
  5 quokkas
  7 ball pythons
  5 bats
  14 frilled lizards
  A goblin zombie (Ossuary)
  10 hobgoblin zombies (Ossuary)
  3 kobolds
  11 kobold zombies (Ossuary)
  8 orc zombies (Ossuary)
  3 rats
  2 rat zombies (Ossuary)
195 creatures vanquished.

Vanquished Creatures (others)
  3 plants (D:3)
3 creatures vanquished.

Grand Total: 198 creatures vanquished

Notes
Turn   | Place    | Note
-------+----------+-------------------------------------------
     0 | D:1      | leviel the Minotaur Fighter began the quest for the Orb.
     0 | D:1      | Reached XP level 1. HP: 19/19 MP: 0/0
   153 | D:1      | Reached XP level 2. HP: 23/26 MP: 1/1
   192 | D:1      | Reached skill level 3 in Axes
   639 | D:1      | Reached skill level 1 in Dodging
   969 | D:1      | Reached XP level 3. HP: 30/31 MP: 2/2
  1124 | D:2      | Noticed Robin
  1141 | D:2      | Killed Robin
  1293 | D:2      | Reached XP level 4. HP: 30/39 MP: 3/3
  1485 | D:2      | Found a faded altar of an unknown god.
  1516 | D:2      | Found a glowing golden altar of the Shining One.
  1693 | D:3      | Reached skill level 4 in Axes
  1748 | D:3      | Noticed an ice beast
  1756 | D:3      | Killed an ice beast
  1757 | D:3      | Reached XP level 5. HP: 29/45 MP: 4/4
  2020 | D:3      | Found a white marble altar of Elyvilon.
  2147 | D:3      | Found Ishrufof's General Store.
  2153 | D:3      | Bought 2 potions of curing for 66 gold pieces
  2652 | D:3      | Reached skill level 5 in Axes
  3018 | D:4      | Reached XP level 6. HP: 51/51 MP: 5/5
  3086 | D:4      | Reached skill level 5 in Armour
  3099 | D:4      | Reached skill level 5 in Shields
  3412 | D:4      | Found a staircase to the Ecumenical Temple.
  4024 | D:5      | Entered Level 5 of the Dungeon
  4040 | D:5      | Reached skill level 6 in Axes
  4260 | D:5      | Identified a scroll of acquirement
  4260 | D:5      | Acquired 839 gold pieces
  4437 | D:5      | Noticed Menkaure
  4444 | D:5      | Reached XP level 7. HP: 31/57 MP: 6/6
  4451 | D:5      | Killed Menkaure
  4855 | D:5      | Found a shadowy altar of Dithmenos.
  5028 | D:6      | Found a runed translucent door.
  5052 | D:6      | Reached skill level 7 in Axes
  5308 | D:6      | Noticed a steam dragon
  5317 | D:6      | Killed a steam dragon
  5318 | D:6      | Reached XP level 8. HP: 59/64 MP: 7/7
  5380 | D:6      | Found a sand-covered staircase.
  5416 | Ossuary  | Entered an ossuary
  5565 | Ossuary  | Reached skill level 8 in Axes
  5756 | D:6      | Noticed Grinder
  5760 | D:6      | Noticed Dowan
  5760 | D:6      | Noticed a troll
  5760 | D:6      | Noticed Duvessa
  5764 | D:6      | Reached skill level 5 in Dodging
  5768 | D:6      | Killed a troll
  5773 | D:6      | Reached skill level 9 in Axes
  5775 | D:6      | Killed Duvessa
  5778 | D:6      | Killed Dowan
  5779 | D:6      | Reached XP level 9. HP: 43/70 MP: 8/8
  5779 | D:6      | Paralysed by Grinder for 3 turns
  5783 | D:6      | Paralysed by Grinder for 3 turns
  5790 | D:6      | Killed Grinder
  6233 | D:6      | Noticed Demosthentine's ghost (novice MfGl)
  6331 | Temple   | Entered the Ecumenical Temple
  6394 | Temple   | Became a worshipper of Warmaster Okawaru
  6749 | D:7      | HP: 1/70 [killer bee (8)]
  6840 | D:7      | Found a flagged portal.
  6963 | Bailey   | Entered a bailey
  7262 | Bailey   | Reached skill level 10 in Axes
  7429 | Bailey   | Found an iron altar of Okawaru.
  7441 | Bailey   | Mangled by an orc warrior

Illustrated notes

Levels and vault maps discovered:
D:1:      dpeg_arrival_round_b, layout_basic
D:2:      layout_rooms, basic_altar, shapermc_ecumenical_altar_mp_vishouse,
          uniq_robin
D:3:      minmay_chambers_of_threes, layout_loops_ring,
          nicolae_overflow_crystal_walls, serial_shops, nicolae_shop_stone,
          wad_floor_pattern_1, chequers_serial_rivers_micro_c,
          minmay_lizard_king
D:4:      layout_basic, minmay_temple_entry_antechambers
D:5:      layout_basic, lemuel_coloured_pillars_altar, uniq_menkaure
D:6:      layout_rooms, lightli_ossuary_entry_decrepit_ruins,
          ebering_ghost_reflecting_pool, uniq_grinder, uniq_duvessa
D:7:      layout_rooms, kennysheep_little_box, gammafunk_temple_overflow_pools,
          enter_bailey_3, minmay_misc_feat_more_columns
Temple:   nicolae_temple_x_marks_the_god
Bailey:   bailey_axe_3, bailey

Skill      XL: |  1  2  3  4  5  6  7  8  9 |
---------------+----------------------------+-----
Axes           | 3 4 5 6 7 9 10 | 10.0
Dodging        | 1 2 3 4 5 6 |  6.1
Shields        | 4 5 6 7 |  7.8
Armour         | 4 5 6 7 |  7.8
Fighting       | |  3.6

Action                   |  1- 3 |  4- 6 |  7- 9 || total
-------------------------+-------+-------+-------++-------
Melee: War axe           |    86 |   175 |   242 ||   503
       Headbutt          |    10 |    29 |    44 ||    83
  Use: Scroll            |       |     7 |    10 ||    17
       Potion            |       |     1 |    11 ||    12
Armor: Scale mail        |    43 |    71 |    88 ||   202
Dodge: Dodged            |    31 |    63 |    87 ||   181
Block: Kite shield       |    42 |    87 |   160 ||   289

Table legend: (Time is in decaauts)
 A = Elapsed time spent in this place.
 B = Non-inter-level travel time spent in this place.
 C = Inter-level travel time spent in this place.
 D = Time resting spent in this place.
 E = Time spent auto-exploring this place.
 F = Levels seen in this place.
 G = Mean time per level.
                   A        B        C        D        E       F      G
               +--------+--------+--------+--------+--------+-----+--------+
         Total |   7609 |   7234 |    375 |    908 |   5124 |  10 |  760.9 |
       Dungeon |   6758 |   6387 |    371 |    490 |   4950 |   7 |  965.4 |
        Temple |     67 |     64 |      3 |      0 |     50 |   1 |   67.0 |
       Ossuary |    303 |    303 |      0 |      0 |    124 |   1 |  303.0 |
        Bailey |    479 |    479 |      0 |    418 |      0 |   1 |  479.0 |
               +--------+--------+--------+--------+--------+-----+--------+

Top non-repeatable levels by time:
     D:4: 1339 daAuts
     D:3: 1185 daAuts
     D:5: 1075 daAuts
     D:1: 1067 daAuts
     D:6: 979 daAuts
     D:2: 652 daAuts
  Bailey: 479 daAuts
     D:7: 458 daAuts
 Ossuary: 303 daAuts
  Temple: 67 daAuts
